 Dungeon Crawl Stone Soup version 0.31-a0-700-gf13585253f (webtiles) character file.

Game seed: 3974269279791936919

1625 qw the Skirmisher (level 8, -7/51 HPs)
             Began as a Gargoyle Hunter on Sept 7, 2023.
             Was a Follower of Okawaru.
             Killed by divine providence
             ... invoked by Jeremiah
              (16 damage)
             ... on level 6 of the Dungeon.
             The game lasted 00:01:31 (3766 turns).

qw the Skirmisher (Gargoyle Hunter)                 Turns: 3766, Time: 00:01:31

Health: -7/51      AC: 15    Str: 14    XL:     8   Next: 97%
Magic:  8/10       EV: 13    Int:  6    God:    Okawaru [*.....]
Gold:   296        SH:  0    Dex: 15    Spells: 7/7 levels left

rFire   . . .        Y - +0 shortbow (freeze)
rCold   . . .        (shield currently unavailable)
rNeg    + . .        g - +0 ring mail
rPois   inf          (no helmet)
rElec   +            (no cloak)
rCorr   .            d - +1 pair of gloves of Imperfection {*Slow Int-5 Slay+6 SInv}
SInv    +            e - +0 pair of boots
Will    .....        (no amulet)
Stlth   +++          (no ring)
HPRegen 0.28/turn    (no ring)
MPRegen 0.12/turn

%: slow self (1%)
@: heroic
A: sickness immunity, AC +5, negative energy resistance 1, electricity
resistance, torment resistance 1, petrification resistance
a: Renounce Religion, Heroism


You were on level 6 of the Dungeon.
You worshipped Okawaru.
Okawaru was aware of your devotion.
You visited 1 branch of the dungeon, and saw 6 of its levels.

You collected 296 gold pieces.


Innate Abilities, Weirdness & Mutations

You are immune to sickness and miasma.
Your stone body is resilient. (AC +5)
You are immune to poison.
You resist negative energy. (rN+)
You are resistant to electric shocks. (rElec)
You are resistant to unholy torment.
You are immune to petrification.


   Skills:
 - Level 6.2(11.2) Fighting
 + Level 9.5(14.5) Ranged Weapons
 - Level 2.0(7.0) Armour
 - Level 2.0(7.0) Dodging
 - Level 1.1(6.1) Stealth
 + Level 3.3 Invocations


You had 7 spell levels left.
You didn't know any spells.
Your spell library was empty.

Inventory:

Hand Weapons
 Y - a +0 shortbow of freezing (weapon)
Armour
 d - the +1 pair of gloves of Imperfection (worn) {*Slow Int-5 Slay+6 SInv}
   (You found it on level 3 of the Dungeon)

   Int-5:     It affects your intelligence (-5).
   Slay+6:    It affects your accuracy & damage with ranged weapons and melee
   (+6).
   SInv:      It lets you see invisible.
   *Slow:     It may slow you when you take damage.
 e - a +0 pair of boots (worn)
 g - a +0 ring mail (worn)
Jewellery
 a - a ring of see invisible
Wands
 j - a wand of digging (4)
Scrolls
 h - 2 scrolls of identify
 k - a scroll of enchant weapon {unknown}
Potions
 b - a potion of mutation
 c - a potion of haste
 f - 3 potions of curing
 i - a potion of brilliance {unknown}
 l - 3 potions of cancellation
 m - a potion of might {unknown}

Dungeon Overview and Level Annotations

Branches:
Dungeon (6/15)             Temple (0/1) D:5

Altars:
Cheibriados
Dithmenos
Fedhas
Gozag
Hepliaklqana
Nemelex Xobeh
Okawaru
Uskayaw
Wu Jian
Xom
Zin
The Shining One

Shops:
D:2 (

Annotations:
D:6 Jeremiah


Message History

Items here: %% )))) [[.
You see here a +0 hand axe.
There is an open door here.
You now have 296 gold pieces (gained 18).
Found a stone staircase leading up.
Enter note:
There is a stone staircase leading up here.
There is a stone staircase leading up here.
Jeremiah, Barachi Dreamer comes into view.
They are wielding a +3 trident of draining and wearing an orb of mayhem.
Jeremiah shouts!
You shoot an arrow. The arrow hits Jeremiah.
The arrow freezes Jeremiah.
Jeremiah is lightly wounded.
Jeremiah hops!
Jeremiah mumbles a slurred invocation.
Something smites you!
You shoot an arrow. The arrow hits Jeremiah!
The arrow freezes Jeremiah.
Jeremiah is moderately wounded.
Jeremiah hits you from afar with a +3 trident of draining.
The butterfly disappears in a burst of colours!
Jeremiah throws their arms up pleadingly.
Something smites you!
3759 ||| INVOKING Heroism.
You gain the combat prowess of a mighty hero.
Jeremiah hits you from afar with a +3 trident of draining.
The butterfly disappears in a burst of colours!
Jeremiah completely misses you.
Jeremiah mumbles a slurred invocation.
Something smites you!
The butterfly disappears in a burst of colours! x2
Jeremiah hits you from afar with a +3 trident of draining.
Jeremiah hits you but does no damage.
You shoot an arrow. The arrow hits Jeremiah.
The arrow freezes Jeremiah.
Jeremiah is moderately wounded.
The butterfly disappears in a burst of colours!
Jeremiah barely misses you.
The butterfly disappears in a burst of colours! x2
Jeremiah throws their arms up pleadingly.
Something smites you!
You die...
Jeremiah asks, "What happened?
Did... did you die?"

#.# #.##.......
#.# #.#####..##
#.# #.#####..# #.#
#........## #.#
#######.... #.#
##...## #.#
##.....# #.#
##....... #@#
#........
#bbb...b.+........
#bFbb.####........
#b#bb## ##.......
b###b# ##.....# #
#. ##...## ##
##'## #)### #.)..


You could see Jeremiah.

Vanquished Creatures
  Prince Ribbit (D:5)
  Grinder (D:3)
  Menkaure (D:4)
  A water moccasin (D:5)
  Duvessa (D:5)
  An ice beast (D:6)
  An ogre (D:5)
  A bullfrog (D:6)
  A scorpion (D:6)
  Dowan (D:5)
  3 jellies
  2 hounds (D:5)
  3 orc priests (D:6)
  2 orc wizards
  An iguana (D:4)
  Natasha (thrice) (D:4)
  6 adders
  2 shadow imps (D:5)
  A worm (D:2)
  A dart slug (D:2)
  10 orcs
  8 ball pythons
  6 endoplasms
  4 giant cockroaches
  7 goblins
  9 hobgoblins
  A jackal (D:2)
  8 kobolds
  4 quokkas
  2 bats
  3 frilled lizards
  7 rats
103 creatures vanquished.

Notes
Turn   | Place    | Note
-------+----------+-------------------------------------------
     0 | D:1      | qw the Gargoyle Hunter began the quest for the Orb.
     0 | D:1      | Reached XP level 1. HP: 12/12 MP: 1/1
     0 | D:1      | 0 ||| qw: Version: 0.3-a-76-g4403597
     0 | D:1      | 0 ||| qw: Game counter: 671
     0 | D:1      | 0 ||| qw: Melee chars always use a shield: true
     0 | D:1      | 0 ||| qw: God list: Okawaru
     0 | D:1      | 0 ||| qw: Allow faded altars: false
     0 | D:1      | 0 ||| qw: Do Orc after clearing Dungeon:15 true
     0 | D:1      | 0 ||| qw: Do second Lair branch before Depths: true
     0 | D:1      | 0 ||| qw: Lair rune preference: random
     0 | D:1      | 0 ||| qw: Goals: Normal
     0 | D:1      | 0 ||| PLANNING D:1-11
   110 | D:1      | Reached XP level 2. HP: 14/17 MP: 2/2
   638 | D:1      | 638 ||| READING scroll labelled WUIS MAICEMI.
   639 | D:1      | 639 ||| READING scroll labelled RYTUISMUI XURA.
   640 | D:1      | 640 ||| READING 3 scrolls labelled ONITOLAOT MOEBB.
   641 | D:1      | 641 ||| READING 2 scrolls of identify.
   641 | D:1      | 641 ||| IDENTIFYING cyan potion
   642 | D:1      | 642 ||| DROPPING scroll of butterflies.
   643 | D:1      | 643 ||| DROPPING potion of degeneration.
   720 | D:2      | Reached XP level 3. HP: 21/21 MP: 3/3
   737 | D:2      | Reached skill level 5 in Ranged Weapons
   756 | D:2      | Found a faded altar of an unknown god.
   851 | D:2      | Found Dalyqu's Weapon Boutique.
   925 | D:2      | Reached skill level 3 in Fighting
  1060 | D:2      | 1060 ||| UPGRADING to +0 ring mail.
  1070 | D:2      | 1070 ||| DROPPING +0 leather armour.
  1071 | D:2      | 1071 ||| READING scroll labelled UXEUMISAUTZ.
  1072 | D:2      | 1072 ||| READING scroll labelled UHICRI ISOAT.
  1073 | D:2      | 1073 ||| READING scroll labelled HERATR EN BIGG.
  1074 | D:2      | 1074 ||| READING 3 scrolls labelled CYT LEIWKUGIMP.
  1075 | D:2      | 1075 ||| DRINKING 2 bubbling brown potions.
  1076 | D:2      | 1076 ||| DRINKING 3 fuming red potions.
  1111 | D:2      | 1111 ||| DRINKING 2 red potions.
  1112 | D:2      | 1112 ||| READING 3 scrolls of identify.
  1112 | D:2      | 1112 ||| IDENTIFYING bubbling grey potion
  1113 | D:2      | 1113 ||| READING 2 scrolls of identify.
  1113 | D:2      | 1113 ||| IDENTIFYING grey potion
  1114 | D:2      | 1114 ||| DROPPING potion of berserk rage.
  1115 | D:2      | 1115 ||| DROPPING potion of attraction.
  1116 | D:2      | 1116 ||| DROPPING 2 potions of lignification.
  1117 | D:2      | 1117 ||| DROPPING 2 scrolls of immolation.
  1143 | D:3      | Reached XP level 4. HP: 28/28 MP: 4/4
  1278 | D:3      | Reached skill level 1 in Armour
  1506 | D:3      | Noticed Grinder
  1515 | D:3      | Paralysed by Grinder for 5 turns
  1531 | D:3      | Killed Grinder
  1532 | D:3      | Reached skill level 6 in Ranged Weapons
  1532 | D:3      | Reached XP level 5. HP: 25/32 MP: 5/5
  1532 | D:3      | Reached XP level 6. HP: 29/37 MP: 6/6
  1721 | D:3      | Identified the +1 pair of gloves of Imperfection {*Slow
                  | Int-5 Slay+6 SInv}
  1760 | D:3      | 1760 ||| UPGRADING to +1 pair of gloves of Imperfection
                  | {*Slow Int-5 Slay+6 SInv}.
  1830 | D:4      | Noticed Natasha
  1832 | D:4      | Killed Natasha
  2002 | D:4      | Found a glowing golden altar of the Shining One.
  2008 | D:4      | Reached skill level 7 in Ranged Weapons
  2055 | D:4      | Noticed Menkaure
  2057 | D:4      | Killed Menkaure
  2058 | D:4      | Reached XP level 7. HP: 43/43 MP: 7/7
  2194 | D:4      | Found a hazy altar of Hepliaklqana.
  2202 | D:4      | Found a hide-covered altar of Uskayaw.
  2203 | D:4      | Found an iron altar of Okawaru.
  2203 | D:4      | Found a glowing silver altar of Zin.
  2204 | D:4      | 2204 ||| PLANNING OKAWARU WORSHIP
  2204 | D:4      | 2204 ||| UPGRADING to +0 pair of boots.
  2209 | D:4      | 2209 ||| READING 2 scrolls of identify.
  2209 | D:4      | 2209 ||| IDENTIFYING glowing black potion
  2211 | D:4      | Found a snail-covered altar of Cheibriados.
  2212 | D:4      | Found an ornate altar of the Wu Jian Council.
  2214 | D:4      | Found a sparkling altar of Nemelex Xobeh.
  2217 | D:4      | Became a worshipper of Warmaster Okawaru
  2218 | D:4      | 2218 ||| PLANNING D:1-11
  2273 | D:4      | Noticed Natasha
  2281 | D:4      | Killed Natasha
  2299 | D:4      | Found an opulent altar of Gozag.
  2346 | D:4      | Noticed Natasha
  2351 | D:4      | Killed Natasha
  2652 | D:4      | 2652 ||| READING scroll labelled OXYWUNI GEUCHY.
  2653 | D:4      | 2653 ||| READING scroll labelled RAN ZUJIMUPH.
  2654 | D:4      | 2654 ||| READING 2 scrolls of identify.
  2654 | D:4      | 2654 ||| IDENTIFYING black potion
  2672 | D:5      | Entered Level 5 of the Dungeon
  2684 | D:5      | Reached skill level 8 in Ranged Weapons
  2725 | D:5      | 2725 ||| READING scroll of brand weapon.
  2725 | D:5      | 2725 ||| BRANDING +0 shortbow of draining.
  2731 | D:5      | Found a staircase to the Ecumenical Temple.
  2949 | D:5      | Reached * piety under Okawaru
  2950 | D:5      | Reached XP level 8. HP: 49/49 MP: 8/8
  3050 | D:5      | Found a shadowy altar of Dithmenos.
  3085 | D:5      | Noticed Duvessa
  3085 | D:5      | Noticed Dowan
  3086 | D:5      | 3086 ||| INVOKING Heroism.
  3092 | D:5      | Killed Duvessa
  3098 | D:5      | 3098 ||| INVOKING Heroism.
  3099 | D:5      | Killed Dowan
  3159 | D:5      | Found a blossoming altar of Fedhas.
  3159 | D:5      | Noticed Prince Ribbit
  3165 | D:5      | Reached skill level 9 in Ranged Weapons
  3165 | D:5      | 3165 ||| INVOKING Heroism.
  3167 | D:5      | Killed Prince Ribbit
  3168 | D:5      | Reached skill level 6 in Fighting
  3184 | D:5      | Found a shimmering altar of Xom.
  3429 | D:5      | 3429 ||| READING scroll labelled TEUPHO XOLOYMU.
  3458 | D:6      | 3458 ||| INVOKING Heroism.
  3463 | D:6      | Reached skill level 1 in Invocations
  3636 | D:6      | 3636 ||| INVOKING Heroism.
  3638 | D:6      | 3638 ||| Stepping ~*~*~tactically~*~*~ (outnumbered).
  3639 | D:6      | 3639 ||| RETREATING.
  3650 | D:6      | 3650 ||| INVOKING Heroism.
  3673 | D:6      | Reached skill level 3 in Invocations
  3752 | D:6      | Noticed Jeremiah
  3759 | D:6      | 3759 ||| INVOKING Heroism.
  3762 | D:6      | HP: 7/51 [Jeremiah/+3 trident of draining (6)]
  3766 | D:6      | Killed from afar by Jeremiah

Levels and vault maps discovered:
D:1:      sevenhm_arrival_forest_fort_large_4, layout_rooms
D:2:      layout_rooms, ebering_ecumenical_altar_ruins, serial_shops, shop,
          st_stairs_12
D:3:      layout_loops_ring, uniq_grinder
D:4:      minmay_chambers_of_twos, layout_basic, minitemple,
          nicolae_gozag_cash_rules_everything_around_me, tso_metal_star,
          uniq_menkaure, uniq_natasha
D:5:      dreamdust_elfheim, layout_basic, jmf_multi_god_temple,
          lemuel_crystal_altar, temple_green, uniq_prince_ribbit1
D:6:      layout_loops_corners, uniq_jeremiah, uniq_eustachio, uniq_edmund

Skill      XL: |  1  2  3  4  5  6  7  8 |
---------------+-------------------------+-----
Ranged Weapons | 5 6 7 8 9 |  9.5
Fighting       | 3 4 5 6 |  6.2
Armour         | 1 2 |  2.0
Dodging        | 2 |  2.0
Invocations    | 3 |  3.3
Stealth        | |  1.1

Action                     |  1- 3 |  4- 6 |  7- 9 || total
---------------------------+-------+-------+-------++-------
   Fire: Shortbow          |   129 |    62 |   124 ||   315
 Invoke: Heroism           |       |       |     7 ||     7
    Use: Scroll            |    10 |       |     6 ||    16
         Potion            |     3 |       |       ||     3
 Armour: Leather armour    |    20 |       |       ||    20
         Ring mail         |     3 |     1 |    30 ||    34
  Dodge: Dodged            |    26 |       |    16 ||    42

Table legend:
 A = Non-vault XP
 B = Vault XP
 C = Vault XP percentage of total XP
 D = Non-vault monster count
 E = Vault monster count
 F = Vault count percentage of total count
                 A         B        C        D         E       F
            +---------+---------+-------+---------+---------+-------
      Total |    1281 |    1041 |  44.8 |      86 |      17 |  16.5
            +---------+---------+-------+---------+---------+-------
        D:1 |      33 |       0 |   0.0 |      18 |       0 |   0.0
        D:2 |      41 |       2 |   4.7 |      14 |       1 |   6.7
        D:3 |      52 |     262 |  83.4 |      19 |       1 |   5.0
        D:4 |     225 |     219 |  49.3 |      12 |      10 |  45.5
        D:5 |     443 |     558 |  55.7 |      12 |       5 |  29.4
        D:6 |     487 |       0 |   0.0 |      11 |       0 |   0.0
            +---------+---------+-------+---------+---------+-------
